 Dungeon Crawl Stone Soup version 0.21.1-1-g345015f (webtiles) character file.

452 chunkynut the Conjurer (level 6, -1/48 HPs)
             Began as a Draconian Conjurer on Mar 17, 2018.
             Was a Believer of Cheibriados.
             Slain by a gnoll
             ... wielding a +0 halberd
              (3 damage)
             ... on level 5 of the Dungeon.
             The game lasted 00:26:04 (3356 turns).

chunkynut the Conjurer (Draconian Conjurer)         Turns: 3356, Time: 00:26:05

Health: -1/48      AC:  6    Str: 15 (18) XL:     6   Next: 75%
Magic:  7/10       EV: 13    Int: 20 (22) God:    Cheibriados [**....]
Gold:   249        SH:  0    Dex: 13 (17) Spells: 4/10 levels left

rFire    . . .     SeeInvis .   m - +1 short sword (freeze)
rCold    . . .     Gourm    .   (no shield)
rNeg     + . .     Faith    .   (armour unavailable)
rPois    .         Spirit   .   (helmet restricted)
rElec    .         Reflect  .   (no cloak)
rCorr    .         Harm     .   (no gloves)
MR       .....                  (no boots)
Stlth    +.........             (no amulet)
HPRegen  0.16/turn              q - ring of positive energy
MPRegen  0.12/turn              (no ring)

@: confused, very slow
A: unfitting armour, cold-blooded, AC +6
a: Bend Time, Renounce Religion


You were on level 5 of the Dungeon.
You worshipped Cheibriados.
Cheibriados was pleased with you.
You were not hungry.

You visited 1 branch of the dungeon, and saw 5 of its levels.

You collected 249 gold pieces.

Inventory:

Hand Weapons
 c - a +1 dagger
 l - a +0 short sword
 m - a +1 short sword of freezing (weapon)
 n - a cursed -2 whip
 o - a +0 blowgun
 s - a cursed -2 dagger
 t - a +0 hunting sling
Missiles
 d - 99 sling bullets
 f - 39 arrows
 g - 31 bolts
 k - 14 poisoned needles
Armour
 h - a +0 robe
 j - a cursed +0 robe
Jewellery
 q - a ring of positive energy (left hand)
Potions
 e - a potion of agility
 i - a potion of degeneration
Books
 a - a book of Conjurations

   Spells                             Type                      Level
   a - Magic Dart                     Conjuration                  1
   b - Searing Ray                    Conjuration                  2
   c - Dazzling Spray                 Conjuration/Hexes            3
   d - Fulminant Prism                Conjuration/Hexes            4
   e - Force Lance                    Conjuration/Translocation    4
   f - Iskenderun's Mystic Blast      Conjuration                  4
Comestibles
 b - 5 rations


   Skills:
 + Level 2.2 Fighting
 + Level 3.5 Short Blades
 + Level 3.1 Dodging
 + Level 3.4 Stealth
 + Level 2.8 Spellcasting
 + Level 4.7 Conjurations
 + Level 0.1 Invocations


You had 4 spell levels left.
You knew the following spells:

 Your Spells              Type           Power        Failure   Level  Hunger
a - Force Lance           Conj/Tloc      ##......     50%         4    ####...
b - Searing Ray           Conj           ###...       3%          2    ##.....


Dungeon Overview and Level Annotations

Branches:
Dungeon (5/15)
 Temple: D:4-7

Altars:
Ashenzari
Cheibriados
Fedhas
Okawaru
Trog
The Shining One


Innate Abilities, Weirdness & Mutations

Your plain brown scales are hard. (AC +6)
You cannot fit into any form of body armour.
You are cold-blooded and may be slowed by cold attacks.


Message History

The orc wizard mumbles some strange words.
The orc wizard flickers and vanishes!
You hear some strange, mumbled words.
A magic dart appears from out of thin air!
The magic dart hits you!
* * * LOW HITPOINT WARNING * * *
You hear some strange, mumbled words.
Something tries to affect you, but you resist.
A magic dart appears from out of thin air!
The magic dart hits something.
Something hits you.
* * * LOW HITPOINT WARNING * * *
You hear some strange, mumbled words.
You are confused.
The gnoll misses you.
You hear some strange, mumbled words.
Something tries to affect you, but you resist.
You miss something.
The gnoll hits you from afar with a halberd.
You die...

#.# #.# #.# #.# #.#
######Y# #.# .....#.#
#.# .....#.# #.#
.....#.# #.#
.....#o#############.#
....go...{.gg.g.@..#.#
.....#.###########.#.#
.....#.# #.#.#
.....#.# #.#.#
.....#.# #.#.#
.....#.# #.#.#
.....#.# #.#.###
######+# #.#...#
#.###.#


You could see 3 gnolls.

Vanquished Creatures
  A scorpion (D:4)
  A howler monkey (D:5)
  A crimson imp (D:5)
  A centaur zombie (D:5)
  A quasit (D:5)
  2 orc priests
  An iguana (D:4)
  A worker ant (D:4)
  A hound skeleton (D:4)
  3 gnolls (D:4)
  2 adders
  3 oozes
  3 dart slugs (D:1)
  3 leopard geckos
  6 orcs
  9 giant cockroaches
  4 goblins
  5 hobgoblins
  8 jackals (D:3)
  5 bats
  5 frilled lizards
  9 kobolds
  A leopard gecko skeleton (D:4)
  A quokka skeleton (D:4)
  6 rats
83 creatures vanquished.

Notes
Turn   | Place    | Note
-------+----------+-------------------------------------------
     0 | D:1      | chunkynut the Draconian Conjurer began the quest for the Orb.
     0 | D:1      | Reached XP level 1. HP: 14/14 MP: 3/3
   115 | D:1      | Found a snail-covered altar of Cheibriados.
   129 | D:1      | Became a worshipper of Cheibriados the Contemplative
   201 | D:1      | Reached XP level 2. HP: 12/22 MP: 0/5
   609 | D:1      | Learned a level 2 spell: Searing Ray
   744 | D:1      | Reached XP level 3. HP: 27/27 MP: 6/6
  1060 | D:2      | Reached * piety under Cheibriados
  1102 | D:2      | Found a blossoming altar of Fedhas.
  1211 | D:2      | Found a bloodstained altar of Trog.
  1498 | D:2      | Found a shattered altar of Ashenzari.
  1506 | D:2      | Found an iron altar of Okawaru.
  1513 | D:2      | Found a glowing golden altar of the Shining One.
  1793 | D:3      | Reached ** piety under Cheibriados
  1901 | D:3      | Reached skill level 1 in Short Blades
  1901 | D:3      | Reached XP level 4. HP: 34/34 MP: 2/7
  2053 | D:3      | Reached skill level 1 in Fighting
  2174 | D:3      | Learned a level 4 spell: Force Lance
  2414 | D:4      | Reached XP level 5. HP: 18/40 MP: 8/8
  2930 | D:4      | Reached XP level 6. HP: 48/48 MP: 6/10
  3083 | D:5      | Entered Level 5 of the Dungeon
  3346 | D:5      | Noticed a sky beast
  3352 | D:5      | HP: 1/48 [something (3)]
  3356 | D:5      | Slain by a gnoll

Skill      XL: |  1  2  3  4  5  6 |
---------------+-------------------+-----
Stealth        | 2 3 |  3.4
Dodging        | 2 3 |  3.1
Short Blades   | 1 2 3 |  3.5
Fighting       | 1 2 |  2.2
Spellcasting   | |  2.8
Conjurations   | |  4.7
Invocations    | |  0.1

Action                   |  1- 3 |  4- 6 || total
-------------------------+-------+-------++-------
Melee: Dagger            |   105 |       ||   105
       Unarmed           |     4 |       ||     4
       Tailslap          |    14 |    15 ||    29
       Short sword       |    36 |    84 ||   120
 Cast: Magic Dart        |    17 |     3 ||    20
       Searing Ray       |     8 |     7 ||    15
Invok: Bend Time         |       |     1 ||     1
  Use: Scroll            |     4 |     6 ||    10
       Potion            |       |     7 ||     7
 Stab: Sleeping          |     3 |     3 ||     6
  Eat: Ration            |     1 |     1 ||     2
Armor: Skin              |    44 |    46 ||    90
Dodge: Dodged            |   100 |    92 ||   192
